Map: [M] Moondance

Players

PtitDrogo - Winner!

  • Race: Protoss Protoss
  • Spawn Location: 12:00

ForJumy

  • Race: Protoss Protoss
  • Spawn Location: 6:00

Event: DreamHack SC2 Masters 2022 Valencia

VOD

Have the link to the VOD?

Description

Time

  • Played on: July 1, 2022, 11:04 a.m.
  • Length: 5:46

All games in this series

Show
View Real Time Build Order
Export as new Build Order

PtitDrogo Protoss - Winner!

Build Orders:  

Get SALT Encoding   

  12  0:00  Probe  
  13  0:12  Probe  
  14  0:17  Pylon  
  14  0:24  Probe (Chrono Boost)  
  15  0:36  Probe (Chrono Boost), Gateway  
  16  0:44  Probe (Chrono Boost)  
  16  0:46  Assimilator  
  17  0:51  Probe  
  17  0:54  Assimilator  
  18  1:03  Probe (Chrono Boost)  
  19  1:08  Gateway  
  19  1:15  Gateway  
  19  1:23  Cybernetics Core  
  19  1:30  Pylon  
  19  1:38  Zealot  
  21  1:46  Probe  
  24  2:06  Stalker (Chrono Boost)  
  26  2:12  Shield Battery  
  28  2:20  Pylon  
  23  2:35  Pylon  
  22  2:48  Robotics Facility  
  22  2:50  Forge  
  17  3:01  Probe  
  17  3:05  Shield Battery  
  15  3:19  Assimilator  
  15  3:20  Shield Battery  
  15  3:35  Immortal (Chrono Boost)  
  15  3:40  Probe  
  20  3:46  Pylon  
  17  4:20  Probe  
  18  4:38  Probe  
  19  4:47  Assimilator  
  19  4:50  Probe  
  20  4:59  Warp Prism (Chrono Boost)  
  20  5:02  Probe  
  20  5:06  Pylon  
  23  5:24  Probe  
  24  5:34  Gateway  
  24  5:36  Pylon  
Show
View Real Time Build Order
Export as new Build Order

ForJumy Protoss 

Build Orders:  

Get SALT Encoding   

  12  0:01  Probe  
  13  0:13  Probe  
  14  0:25  Probe  
  14  0:28  Pylon  
  15  0:46  Gateway  
  15  0:47  Gateway  
  15  0:57  Forge  
  15  1:19  Pylon  
  15  1:31  Zealot (Chrono Boost)  
  15  1:32  Zealot (Chrono Boost)  
  15  1:37  Photon Cannon  
  19  1:41  Photon Cannon  
  19  1:50  Zealot (Chrono Boost)  
  23  2:04  Zealot (Chrono Boost)  
  23  2:14  Zealot (Chrono Boost)  
  25  2:24  Zealot  
  25  2:26  Pylon  
  27  2:34  Zealot  
  27  2:48  Photon Cannon  
  21  2:51  Photon Cannon  
  21  3:05  Photon Cannon  
  21  3:07  Zealot (Chrono Boost)  
  21  3:11  Zealot (Chrono Boost)  
  22  3:27  Zealot (Chrono Boost)  
  22  3:29  Zealot  
  24  3:48  Photon Cannon  
  24  3:52  Photon Cannon  
  22  4:03  Zealot  
  20  4:12  Photon Cannon  
  22  4:19  Photon Cannon  
  22  4:23  Assimilator  
  20  4:27  Cybernetics Core  
  18  4:33  Assimilator  
  18  4:41  Pylon  
  18  4:46  Probe (Chrono Boost)  
  19  4:58  Probe (Chrono Boost)  
  18  5:05  Probe (Chrono Boost)  
  19  5:08  Pylon  
  19  5:12  Probe  
  20  5:24  Probe  
  20  5:27  Stargate  
  22  5:44  Pylon  

Tags
 
Add a new tag
Caveats
  • Supply blocks, unpowered buildings, or Contaminate may cause inaccurate times.
  • Supply counts are checked every 10 seconds.